 Dungeon Crawl Stone Soup version 0.19-a0-975-gfff5315 (webtiles) character file.

1626 4thArraOfDagon the Cleaver (level 8, -2/73 HPs)
             Began as a Minotaur Chaos Knight on July 13, 2016.
             Slain by a killer bee (5 damage)
             ... on level 8 of the Dungeon.
             The game lasted 00:09:19 (1517 turns).

4thArraOfDagon the Cleaver (Minotaur Chaos Knight)  Turns: 1517, Time: 00:09:20

Health: -2/73      AC: 16    Str: 17    XL:     8   Next: 65%
Magic:  7/7        EV:  6    Int: 11    God:    Xom [..*...]
Gold:   128        SH:  9    Dex: 10    Spells: 0 memorised, 7 levels left

rFire  . . .     SeeInvis .     l - +0 mace (protect)
rCold  . . .     Gourm    .     e - +0 chain mail
rNeg   . . .     Faith    .     d - +2 shield
rPois  .         Spirit   .     (helmet restricted)
rElec  .         Dismiss  .     j - +0 cloak
rCorr  .         Reflect  .     (no gloves)
SustAt +         Harm     .     (no boots)
MR     .....     Rnd*Tele +     (no amulet)
Stlth  ..........               s - ring of teleportation (curse)
                                o - ring of sustain attributes

@: lethally poisoned (-2 -> -2), not resistant to hostile enchantments,
extremely unstealthy
A: retaliatory headbutt, horns 2
a: Renounce Religion


You were on level 8 of the Dungeon.
You worshipped Xom.
You were a toy of Xom.
You were not hungry.

You visited 2 branches of the dungeon, and saw 9 of its levels.

You collected 128 gold pieces.

Inventory:

Hand Weapons
 a - a +0 hand axe of chaos
 g - a +0 broad axe
 l - a +0 mace of protection (weapon)
Armour
 b - a +2 leather armour
 d - a +2 shield (worn)
 e - a +0 chain mail (worn)
 h - a +0 ring mail
 i - a +0 scale mail
 j - a +0 cloak (worn)
Jewellery
 o - a ring of sustain attributes (left hand)
 s - a cursed ring of teleportation (right hand)
Wands
 m - a wand of paralysis (5/24)
 q - a wand of confusion (10/48)
Scrolls
 r - a scroll of magic mapping
Books
 p - a book of Maledictions

   Spells                             Type                      Level
   a - Corona                         Hexes                        1
   b - Ensorcelled Hibernation        Hexes/Ice                    2
   c - Confuse                        Hexes                        3
   d - Tukima's Dance                 Hexes                        3
   e - Dazzling Spray                 Conjuration/Hexes            3
 u - a book of Flames

   Spells                             Type                      Level
   a - Flame Tongue                   Conjuration/Fire             1
   b - Throw Flame                    Conjuration/Fire             2
   c - Conjure Flame                  Conjuration/Fire             3
   d - Inner Flame                    Hexes/Fire                   3
   e - Sticky Flame                   Conjuration/Fire             4
   f - Fireball                       Conjuration/Fire             5
Comestibles
 c - 2 bread rations
 f - 2 meat rations
 k - 2 royal jellies
 n - a slice of pizza
 t - a beef jerky


   Skills:
 + Level 7.1 Fighting
 * Level 9.2 Axes
 + Level 6.3 Armour
 - Level 5.0 Dodging


You had 7 spell levels left.
You didn't know any spells.

Dungeon Overview and Level Annotations

Branches:
Dungeon (8/15)             Temple (1/1) D:7
   Lair: D:8-11

Altars:
Fedhas
Kikubaaqudgha
Qazlal
Ru
Sif Muna
Trog
Uskayaw
Vehumet
Xom
Yredelemnul
The Shining One

Annotations:
D:5 crawlian's ghost, amateur DEFE


Innate Abilities, Weirdness & Mutations

You reflexively headbutt those who attack you in melee.
You have a pair of horns on your head.


Message History

Evoke which item? (* to show all) (? for menu, Esc to quit)
Zapping:
m - a wand of paralysis {zapped: 6} (will waste charges)
Press: ? - help, Shift-Dir - straight line, f - killer bee, p - killer bee
Aim: a killer bee (lightly wounded, chance to defeat MR: 54%)
The killer bee resists with significant effort.
Evoking this partially-identified wand wasted a few charges.
The killer bee stings you but does no damage.
The hound bites you.
* * * LOW HITPOINT WARNING * * *
The adder bites you but does no damage.
The killer bee stings you but does no damage.
You block the hound's attack.
Unknown command.
Unknown command.
You hit the killer bee.
The killer bee is moderately wounded.
You feel sick. You block the killer bee's attack.
The adder bites you but does no damage. The killer bee stings you.
You die...
Xom is highly amused!

########## #..#.ch@y##
........hySyh# ##.
........yhhhc# ..
.........hyT## .. ....
........h.## . ......
..........# ##......
##..##...##
##......###..##(..##..
.......................


You could see a troll, 2 wolves, 2 centaurs, 5 hounds, 5 killer bees, an adder
and a jackal.

Vanquished Creatures
  A deep elf mage (D:7)
  Sigmund (D:6)
  Eustachio (D:6)
  2 ogres
  A centaur (D:5)
  3 giant frogs
  3 killer bees (D:7)
  2 jellies
  An orc priest (D:5)
  A quasit (D:5)
  A hound (D:6)
  4 worker ants
  Natasha (D:2)
  5 adders
  A shadow imp (D:6)
  An ooze (D:5)
  An adder zombie (D:6)
  A worm (D:2)
  2 giant geckos
  9 orcs
  A giant cockroach (D:2)
  A hobgoblin (D:3)
  3 jackals (D:6)
  2 kobolds
  3 quokkas
  3 bats (D:2)
  A giant newt (D:6)
  A quokka skeleton (D:3)
  2 rats (D:2)
59 creatures vanquished.

Notes
Turn   | Place    | Note
-------+----------+-------------------------------------------
     0 | D:1      | 4thArraOfDagon the Minotaur Chaos Knight began the quest for the Orb.
     0 | D:1      | Reached XP level 1. HP: 19/19 MP: 0/0
     8 | D:1      | XOM: silly message
    47 | D:2      | XOM: scenery: create altars
   162 | D:2      | Reached XP level 2. HP: 24/27 MP: 1/1
   197 | D:2      | Noticed Natasha
   211 | D:2      | Killed Natasha
   211 | D:2      | Reached skill level 4 in Axes
   211 | D:2      | Reached XP level 3. HP: 17/33 MP: 2/2
   329 | D:3      | XOM: 1-stop teleportation journey
   349 | D:4      | Noticed a scorpion
   388 | D:5      | Entered Level 5 of the Dungeon
   406 | D:5      | Found a stormy altar of Qazlal.
   443 | D:5      | Reached XP level 4. HP: 25/40 MP: 3/3
   467 | D:5      | Noticed crawlian's ghost (amateur DEFE)
   470 | D:5      | XOM: confusion
   471 | D:5      | XOM: summons 4 friendly demons
   521 | D:4      | Reached skill level 5 in Axes
   562 | D:5      | Noticed a centaur
   574 | D:5      | Killed a centaur
   574 | D:5      | Reached XP level 5. HP: 14/47 MP: 4/4
   597 | D:5      | XOM: medium Divn miscast
   638 | D:5      | XOM: enchant monster (bad)
   648 | D:5      | XOM: harmless Conj miscast
   692 | D:5      | Noticed a phantom
   706 | D:5      | Noticed an ogre
   724 | D:5      | XOM: chaos upgrade
   732 | D:6      | Reached skill level 5 in Fighting
   755 | D:6      | XOM: 1-stop teleportation journey
   759 | D:6      | Reached XP level 6. HP: 18/56 MP: 5/5
   776 | D:5      | XOM: mild Chrm miscast
   794 | D:6      | Found a radiant altar of Vehumet.
   803 | D:6      | XOM: summons friendly shadow imp
   815 | D:6      | XOM: draining
   822 | D:6      | XOM: divination: detect creatures
   826 | D:6      | Reached skill level 6 in Axes
   832 | D:6      | Noticed Sigmund
   850 | D:6      | XOM: noise
   855 | D:6      | Noticed Eustachio
   859 | D:6      | Killed Sigmund
   859 | D:6      | Reached XP level 7. HP: 29/61 MP: 6/6
   868 | D:6      | XOM: confusion (+ monsters)
   880 | D:6      | XOM: 1-stop teleportation journey
   895 | D:6      | XOM: mild Pois miscast
   900 | D:6      | Killed Eustachio
   900 | D:6      | Reached skill level 7 in Axes
   916 | D:6      | Found a glowing golden altar of the Shining One.
   916 | D:6      | Found a bloodstained altar of Trog.
  1013 | D:7      | Reached skill level 5 in Armour
  1052 | D:7      | Found a sacrificial altar of Ru.
  1052 | D:7      | Noticed a deep elf mage
  1061 | D:7      | Killed a deep elf mage
  1061 | D:7      | Reached skill level 8 in Axes
  1061 | D:7      | Reached XP level 8. HP: 39/71 MP: 7/7
  1084 | D:7      | XOM: enchant monster (good)
  1110 | D:7      | Found a staircase to the Ecumenical Temple.
  1126 | Temple   | Entered the Ecumenical Temple
  1192 | D:7      | XOM: scenery: create altars
  1208 | D:7      | Reached skill level 5 in Dodging
  1342 | D:7      | XOM: confuse monster(s)
  1345 | D:7      | Reached skill level 9 in Axes
  1494 | D:8      | Noticed a troll
  1517 | D:8      | HP: 3/73 [poisoned by a killer bee]
  1517 | D:8      | Slain by a killer bee

Vault maps used:
D:1:      minmay_arrival_loop, minmay_misc_feat_cross
D:2:      kb_forest_paths, lemuel_round_altar, first_bread, grunt_ministairs_7,
          uniq_crazy_yiuf_cottage, uniq_natasha
D:3:      serial_undead, serial_undead_e, serial_undead_c, serial_undead_b,
          serial_undead_c, serial_undead_c, serial_undead_d, uniq_grinder
D:4:      ashenzari_conservatory_becter
D:5:      kennysheep_little_box
D:6:      gammafunk_temple_overflow_statue, vehumet_crystals, minmay_crossroads,
          uniq_sigmund, uniq_eustachio
D:7:      serial_shops, nicolae_shop_waterfront, david_defended_altar_elf
D:8:      erik_lair_island, grunt_livestock
Temple:   nicolae_temple_elliptical

Skill      XL: |  1  2  3  4  5  6  7  8 |
---------------+-------------------------+-----
Axes           | 4 5 6 8 9 |  9.2
Armour         | 3 4 5 6 |  6.3
Fighting       | 4 5 6 7 |  7.1
Dodging        | 2 3 4 5 |  5.0

Action                   |  1- 3 |  4- 6 |  7- 9 || total
-------------------------+-------+-------+-------++-------
Melee: Hand axe          |    70 |    61 |    70 ||   201
       Headbutt          |    12 |    14 |    16 ||    42
       Mace              |       |       |    15 ||    15
       Broad axe         |       |       |     2 ||     2
Evoke: Wand              |       |     5 |    19 ||    24
  Use: Scroll            |     2 |     1 |     1 ||     4
       Potion            |       |       |     2 ||     2
 Stab: Confused          |     1 |     4 |     2 ||     7
       Paralysed         |       |     4 |       ||     4
  Eat: Chunk             |       |       |     1 ||     1
       Fruit             |       |       |     4 ||     4
Armor: Leather armour    |    14 |       |       ||    14
       Scale mail        |    24 |     2 |       ||    26
       Ring mail         |     2 |       |       ||     2
       Chain mail        |       |    34 |    80 ||   114
Dodge: Dodged            |    33 |    11 |    41 ||    85
Block: Shield            |    40 |    28 |    51 ||   119
